 Dungeon Crawl Stone Soup version 0.26.1-10-gdfb7c7de75 (webtiles) character file.

Game seed: 4915477466047743350

158 oldmanjim the Ogre Mage (level 5, -5/53 HPs)
             Began as an Ogre Transmuter on Mar 31, 2021.
             Slain by a gnoll
             ... wielding a +0 flail
              (10 damage)
             ... on level 1 of the Dungeon.
             The game lasted 00:11:31 (2547 turns).

oldmanjim the Ogre Mage (Ogre Transmuter)           Turns: 2547, Time: 00:11:31

Health: -5/53      AC:  3    Str: 14    XL:     5   Next: 39%
Magic:  9/10       EV: 10    Int: 15    God:
Gold:   76         SH:  0    Dex:  9    Spells: 10/11 levels left

rFire    . . .     SeeInvis .     - Unarmed
rCold    . . .     Faith    .   (no shield)
rNeg     . . .     Spirit   .   a - +0 robe
rPois    .         Reflect  .   (helmet currently unavailable)
rElec    .         Harm     .   (no cloak)
rCorr    .         Rampage  .   (gloves unavailable)
Will     .....                  (boots unavailable)
Stlth    +.........             (no amulet)
HPRegen  0.17/turn              (no ring)
MPRegen  0.12/turn              (no ring)

@: appendages
A: large, unfitting armour, horns 2, talons 2, tough skin 1
a: End Transformation


You were on level 1 of the Dungeon.
You had grown temporary horns.
You had grown temporary talons.
You visited 1 branch of the dungeon, and saw 2 of its levels.

You collected 76 gold pieces.

Inventory:

Hand Weapons
 b - a +0 hunting sling
Missiles
 c - 53 stones
 l - 6 boomerangs
Armour
 a - a +0 robe (worn)
Scrolls
 d - a scroll of enchant armour {unknown}
 g - a scroll of teleportation {unknown}
 i - 4 scrolls of random uselessness {unknown}
Potions
 e - a potion of curing {unknown}
 f - a potion of berserk rage {unknown}
 h - 2 potions of heal wounds
 j - a potion of might {unknown}
 k - a potion of brilliance {unknown}
 m - a potion of flight {unknown}


   Skills:
 + Level 3.5 Fighting
 - Level 1.7 Dodging
 + Level 3.5 Unarmed Combat
 + Level 3.6 Spellcasting
 + Level 2.8 Transmutations


You had 10 spell levels left.
You knew the following spells:

 Your Spells              Type           Power        Failure   Level
a - Beastly Appendage     Tmut           22%          6%          1

Your spell library contained the following spells:

 Spells                   Type           Power        Failure   Level
 Wereblood                Tmut           11%          9%          2
 Spider Form              Tmut/Pois      3%           30%         3
 Ice Form                 Ice/Tmut       7%           71%         4
 Blade Hands              Tmut           5%           85%         5


Dungeon Overview and Level Annotations

Branches:
Dungeon (2/15)

Altars:

Annotations:
D:2 Robin


Innate Abilities, Weirdness & Mutations

You are too large for most types of armour.
You have tough skin. (AC +1)
You have a pair of horns on your head.
You have razor-sharp toenails.


Message History

The gnoll hits you with a +0 flail!
You hit the gnoll but do no damage. The gnoll hits you with a +0 flail!
* * * LOW HITPOINT WARNING * * *
You hit the gnoll. Your headbutt misses the gnoll.
The gnoll is moderately wounded.
Your horns disappear.
Your talons disappear.
You hit the gnoll.
The gnoll is moderately wounded.
The gnoll hits you with a +0 flail.
* * * LOW HITPOINT WARNING * * *
Casting: Beastly Appendage (safe; 6% risk of failure)
Confirm with . or Enter, or press ? or * to list all spells.
You grow a pair of large bovine horns.
Your feet morph into talons.
The gnoll misses you. The gnoll hits you with a +0 flail.
* * * LOW HITPOINT WARNING * * *
You closely miss the gnoll. You claw the gnoll.
The gnoll is severely wounded.
The gnoll hits you with a +0 flail!
You die...

##################
#@)...............
#g###.#######.####
#.# #.# #.....
#.###.# ######
#.....############
#.................
##########........
#........
#........


You could see a gnoll.

Vanquished Creatures
  A worker ant (D:2)
  5 gnolls
  An adder (D:1)
  An ooze (D:1)
  4 worms (D:2)
  2 dart slugs (D:1)
  4 leopard geckos
  6 bats
  A giant cockroach (D:1)
  7 goblins
  4 hobgoblins
  6 jackals
  A ball python (D:1)
  2 frilled lizards (D:1)
  5 kobolds
  5 rats
55 creatures vanquished.

Notes
Turn   | Place    | Note
-------+----------+-------------------------------------------
     0 | D:1      | oldmanjim the Ogre Transmuter began the quest for the Orb.
     0 | D:1      | Reached XP level 1. HP: 19/19 MP: 3/3
   170 | D:1      | Reached XP level 2. HP: 28/28 MP: 5/5
   375 | D:1      | Reached XP level 3. HP: 12/35 MP: 7/7
   942 | D:2      | Reached XP level 4. HP: 40/44 MP: 6/8
  1335 | D:2      | HP: 2/44 [poisoned by an adder]
  1969 | D:2      | Reached XP level 5. HP: 42/53 MP: 10/10
  2213 | D:2      | Noticed Robin
  2547 | D:1      | Slain by a gnoll

Illustrated notes

Levels and vault maps discovered:
D:1:      saegor_arrival_simple_d, layout_basic, solitary_fountain,
          minmay_pentomino_p4
D:2:      layout_basic, uniq_robin

Skill      XL: |  1  2  3  4 |
---------------+-------------+-----
Transmutations | 2 |  2.8
Fighting       | 2 3 |  3.5
Unarmed Combat | 3 |  3.5
Spellcasting   | 3 |  3.6
Dodging        | |  1.7

Action                   |  1- 3 |  4- 6 || total
-------------------------+-------+-------++-------
Melee: Unarmed           |   116 |    79 ||   195
       Kick              |     7 |     6 ||    13
       Headbutt          |     2 |     5 ||     7
 Fire: Hunting sling     |    15 |    77 ||    92
 Cast: Beastly Appendage |     6 |     9 ||    15
  Use: Potion            |       |     1 ||     1
Armor: Robe              |    63 |    28 ||    91
Dodge: Dodged            |   112 |    74 ||   186
